Map: Orbital Shipyard

Players

BunnyWillis - Winner!

  • Race: Terran Terran
  • League: Grandmaster

RotterdaM

  • Race: Protoss Protoss
  • League: Grandmaster

VOD

Have the link to the VOD?

Description

Time

  • Played on: Nov. 21, 2015, 2:49 p.m.
  • Length: 10:43
Show
View Real Time Build Order
Export as new Build Order

BunnyWillis Terran - Winner!

Build Orders: Command Center First (CC), MMM Bio 

Get SALT Encoding   

  12  0:01  SCV  
  13  0:13  SCV  
  14  0:22  Supply Depot  
  14  0:26  SCV  
  15  0:44  SCV  
  16  0:56  SCV  
  17  1:03  Command Center  
  17  1:08  SCV  
  18  1:18  Barracks  
  18  1:20  SCV  
  19  1:28  Barracks  
  20  1:32  SCV  
  20  1:45  SCV  
  21  1:57  SCV  
  22  2:06  Marine  
  23  2:09  Supply Depot  
  23  2:11  Orbital Command  
  23  2:14  Orbital Command  
  23  2:15  Marine  
  24  2:27  Refinery, Barracks  
  26  2:39  Marine  
  26  2:40  Bunker  
  26  2:41  SCV  
  26  2:42  SCV  
  27  2:50  Refinery  
  27  2:55  SCV x2  
  27  2:56  Marine  
  27  2:57  Marine  
  31  3:07  SCV x2  
  33  3:15  Marine  
  33  3:16  Barracks Tech Lab, Marine  
  33  3:19  SCV x2  
  37  3:31  SCV x2  
  39  3:34  Marine  
  39  3:35  Stimpack, Marine x2  
  39  3:40  Supply Depot  
  39  3:41  Supply Depot  
  42  3:43  SCV x2, Refinery  
  44  3:51  Factory  
  46  3:55  Marauder  
  46  4:01  SCV x2, Marine x2  
  46  4:02  Supply Depot  
  50  4:13  SCV x2  
  52  4:18  Marauder  
  52  4:19  Barracks Tech Lab  
  52  4:20  Barracks Reactor  
  54  4:24  Supply Depot  
  54  4:25  SCV x2  
  56  4:31  Engineering Bay  
  56  4:32  Supply Depot, Refinery  
  56  4:36  Factory Reactor  
  56  4:37  Starport  
  56  4:39  Marauder x2  
  56  4:42  Concussive Shells  
  56  4:44  SCV  
  61  4:46  SCV  
  62  4:57  Marine x2  
  64  5:00  Marauder  
  64  5:01  SCV x2, Marauder  
  64  5:04  Terran Infantry Weapons Level 1  
  70  5:13  SCV x2  
  72  5:20  Marine x2  
  74  5:22  Marauder x2  
  74  5:25  Medivac  
  74  5:26  Medivac  
  82  5:31  SCV  
  82  5:32  SCV  
  84  5:36  Supply Depot x2  
  84  5:37  Supply Depot  
  84  5:43  Marauder  
  86  5:53  Marine  
  86  5:57  SCV x2  
  86  5:58  Marauder  
  86  5:59  Medivac x2  
  86  6:03  Supply Depot x2  
  94  6:15  Marauder, Marine x2  
  94  6:17  SCV  
  94  6:18  SCV  
  95  6:19  Marauder  
  95  6:20  Combat Shields, Factory Reactor  
  97  6:30  SCV x2  
  91  6:40  Marine  
  91  6:41  Marauder x2, Marine  
  91  6:42  SCV  
  91  6:45  Command Center  
  85  6:57  Medivac x2, Widow Mine  
  85  6:58  Widow Mine, Marine x2  
  95  7:02  Marauder x2  
  101  7:13  Barracks  
  101  7:15  Terran Infantry Armor Level 1, Barracks  
  97  7:25  Widow Mine  
  98  7:31  Marauder x2, Marine x2  
  98  7:32  Widow Mine  
  98  7:33  Medivac x2  
  110  7:39  SCV x2  
  110  7:53  SCV  
  110  7:54  SCV  
  108  8:01  Marauder x2  
  108  8:04  Barracks Tech Lab  
  100  8:09  Widow Mine x2, Marine x2  
  100  8:10  Medivac x2  
  103  8:14  Barracks Reactor  
  103  8:22  Marauder  
  103  8:23  Marauder  
  103  8:25  Marauder  
  103  8:26  Marine  
  110  8:29  Liberator x2  
  110  8:38  SCV x2, Widow Mine x2  
  116  8:42  Orbital Command  
  116  8:48  Starport  
  122  8:57  Marauder x2, Marine x3  
  122  8:58  Marine, Marauder  
  132  9:06  Barracks  
  132  9:07  Barracks  
  132  9:08  Supply Depot, Refinery, Barracks  
  131  9:23  Marine x3  
  136  9:24  Marauder x2  
  135  9:34  Marauder, Marine  
  135  9:36  Liberator  
  137  9:41  Marine  
  137  9:43  Liberator  
  142  9:45  Marauder x2  
  142  9:51  Marine x2  
  144  9:56  Marauder  
  144  9:57  Barracks Tech Lab  
  144  9:58  Barracks Reactor  
  144  9:59  Barracks Tech Lab  
  148  10:01  Supply Depot  
  144  10:07  Marine, Marauder x2  
  144  10:08  Marine  
  147  10:15  SCV x2  
  147  10:16  SCV  
  147  10:17  Refinery, Marauder x2  
Show
View Real Time Build Order
Export as new Build Order

RotterdaM Protoss 

Build Orders: 1 Gate Expand, Double Forge, Blink Stalkers 

Get SALT Encoding   

  12  0:01  Probe (Chrono Boost)  
  13  0:12  Probe (Chrono Boost)  
  14  0:18  Pylon  
  14  0:23  Probe (Chrono Boost)  
  15  0:36  Probe (Chrono Boost)  
  15  0:42  Gateway  
  16  0:47  Probe (Chrono Boost)  
  17  1:08  Nexus  
  18  1:11  Probe (Chrono Boost)  
  18  1:21  Assimilator  
  18  1:22  Probe (Chrono Boost)  
  19  1:32  Cybernetics Core, Probe (Chrono Boost)  
  20  1:43  Probe (Chrono Boost)  
  20  1:45  Pylon  
  21  1:48  Assimilator  
  21  1:53  Probe (Chrono Boost)  
  22  2:04  Probe (Chrono Boost)  
  24  2:18  Mothership Core (Chrono Boost)  
  24  2:20  Probe (Chrono Boost)  
  26  2:27  Warp Gate  
  26  2:30  Probe (Chrono Boost)  
  26  2:36  Stalker, Probe (Chrono Boost)  
  30  2:41  Probe (Chrono Boost)  
  31  2:46  Probe (Chrono Boost)  
  31  2:49  Forge  
  32  2:51  Probe (Chrono Boost)  
  32  2:57  Probe (Chrono Boost)  
  34  3:02  Probe (Chrono Boost)  
  34  3:03  Twilight Council  
  35  3:07  Stalker, Probe (Chrono Boost)  
  39  3:13  Probe (Chrono Boost)  
  39  3:17  Pylon  
  39  3:18  Probe (Chrono Boost)  
  40  3:23  Probe (Chrono Boost)  
  40  3:25  Photon Cannon  
  41  3:28  Probe (Chrono Boost)  
  41  3:34  Probe (Chrono Boost)  
  43  3:39  Probe (Chrono Boost), Blink (Chrono Boost)  
  44  3:43  Probe (Chrono Boost)  
  44  3:48  Photon Cannon  
  45  3:50  Probe  
  45  3:53  Probe  
  47  3:57  Assimilator  
  47  4:02  Probe  
  48  4:03  Probe  
  48  4:04  Gateway  
  48  4:05  Gateway  
  49  4:11  Pylon  
  49  4:14  Probe x2  
  51  4:19  Pylon  
  51  4:25  Probe  
  51  4:26  Probe  
  51  4:29  Protoss Ground Armor Level 1 (Chrono Boost)  
  51  4:30  Forge  
  53  4:34  Stalker  
  53  4:35  Probe  
  56  4:39  Pylon  
  56  4:41  Probe  
  57  4:46  Probe  
  58  4:54  Nexus  
  58  5:02  Stalker  
  58  5:05  Stalker x2  
  64  5:07  Probe  
  64  5:08  Protoss Ground Weapons Level 1 (Chrono Boost)  
  64  5:10  Probe  
  66  5:19  Probe, Pylon  
  67  5:21  Pylon  
  67  5:34  Charge  
  67  5:36  Gateway  
  67  5:37  Gateway  
  67  5:40  Gateway  
  67  5:41  Gateway  
  67  5:45  Gateway  
  65  6:00  Zealot x3  
  65  6:02  Photon Cannon  
  65  6:04  Pylon  
  71  6:06  Pylon  
  67  6:20  Pylon  
  67  6:21  Pylon  
  67  6:22  Adept x3  
  73  6:30  Gateway  
  73  6:31  Pylon  
  73  6:35  Stalker x2  
  73  6:39  Adept x2  
  77  6:43  Mothership Core  
  71  6:47  Adept x2  
  71  6:48  Adept  
  71  6:52  Probe x2  
  73  6:55  Photon Cannon  
  73  7:02  Probe  
  73  7:04  Probe x2  
  76  7:09  Stalker x2  
  76  7:10  Stalker  
  76  7:11  Stalker  
  84  7:19  Adept x3  
  90  7:27  Photon Cannon  
  90  7:31  Adept  
  90  7:36  Probe x3  
  95  7:45  Pylon  
  95  7:48  Adept x3  
  86  8:00  Adept x3  
  86  8:01  Adept x2  
  88  8:13  Adept x3, Pylon  
  88  8:14  Protoss Ground Weapons Level 2 (Chrono Boost)  
  88  8:15  Protoss Ground Armor Level 2 (Chrono Boost)  
  88  8:17  Pylon  
  88  8:18  Resonating Glaives  
  94  8:22  Adept  
  94  8:23  Adept x4  
  104  8:30  Zealot  
  106  8:35  Adept x2  
  106  8:36  Adept  
  112  8:41  Robotics Facility  
  112  8:50  Stalker, Zealot x3  
  112  8:51  Zealot x2  
  124  8:59  Zealot x3  
  130  9:14  Adept  
  130  9:15  Adept  
  130  9:16  Adept  
  136  9:18  Adept, Nexus  
  136  9:20  Pylon  
  128  9:26  Adept x3  
  124  9:46  Photon Cannon  
  124  9:47  Adept x3  
  124  9:50  Observer (Chrono Boost)  
  119  9:56  Zealot x3  
  117  10:04  Adept  
  117  10:05  Adept x2  
  116  10:07  Mothership Core  
  116  10:09  Observer (Chrono Boost)  
  102  10:15  Zealot x3  
  100  10:28  Pylon  
Tags
 
Add a new tag
Caveats
  • Supply blocks, unpowered buildings, or Contaminate may cause inaccurate times.
  • Supply counts are checked every 10 seconds.